 Dungeon Crawl Stone Soup version 0.22-a0-274-gf8199ec (webtiles) character file.

99 neds the Chucker (level 4, 0/41 HPs)
             Began as a Troll Hunter on Mar 14, 2018.
             Slain by an orc
             ... wielding a +4 whip
              (2 damage)
             ... on level 3 of the Dungeon.
             The game lasted 00:05:22 (1795 turns).

neds the Chucker (Troll Hunter)                     Turns: 1795, Time: 00:05:22

Health: 0/41       AC:  5    Str: 20    XL:     4   Next: 45%
Magic:  3/3        EV: 10    Int:  7    God:
Gold:   86         SH:  0    Dex: 11    Spells: 3/3 levels left

rFire    . . .     SeeInvis .   (no weapon)
rCold    . . .     Gourm    +   (no shield)
rNeg     . . .     Faith    .   b - +0 robe
rPois    .         Spirit   .   (helmet restricted)
rElec    .         Reflect  .   (no cloak)
rCorr    .         Harm     .   (gloves unavailable)
MR       .....                  (boots unavailable)
Stlth    +.........             (no amulet)
HPRegen  0.53/turn              (no ring)
MPRegen  0.08/turn              (no ring)

@: slowed, very slow
A: large, unfitting armour, claws 3, fast metabolism 3, gourmand, regeneration
1, shaggy fur 1, tough skin 2
a: no special abilities


You were on level 3 of the Dungeon.
You were completely stuffed.

You visited 1 branch of the dungeon, and saw 3 of its levels.

You collected 86 gold pieces.

Inventory:

Hand Weapons
 a - a +0 short sword
Missiles
 c - 5 large rocks (quivered)
 d - 2 throwing nets
Armour
 b - a +0 robe (worn)
Jewellery
 n - a cursed -3 ring of protection {unknown}
Scrolls
 g - 2 scrolls of identify {unknown}
 h - a scroll of enchant armour {unknown}
 i - a scroll of magic mapping {unknown}
 j - 3 scrolls of teleportation {unknown}
 k - a scroll of remove curse {unknown}
 m - a scroll of enchant weapon {unknown}
 r - a scroll of immolation {unknown}
 s - a scroll of fear {unknown}
Potions
 e - a potion of might {unknown}
 l - a potion of magic {unknown}
 o - a potion of brilliance {unknown}
 q - 2 potions of curing {unknown}
Comestibles
 f - 7 rations
 p - 3 chunks of flesh


   Skills:
 - Level 1.5 Fighting
 + Level 5.4 Throwing
 - Level 1.5 Dodging
 - Level 0.3 Stealth


You had 3 spell levels left.
You didn't know any spells.

Dungeon Overview and Level Annotations

Branches:
Dungeon (3/15)

Altars:


Innate Abilities, Weirdness & Mutations

You are too large for most types of armour.
You have claws for hands.
Your metabolism is lightning-fast.
You like to eat raw meat.
Your natural rate of healing is unusually fast.
You are covered in fur. (AC +1)
You have very tough skin. (AC +2)


Message History

The orc hits you with an enchanted whip.
You barely miss the orc wizard.
The orc wizard mumbles some strange words.
The orc wizard blinks!
The orc wizard hits you but does no damage.
The orc hits you with an enchanted whip!
The orc wizard casts a spell at you. The magic dart hits you!
* * * LOW HITPOINT WARNING * * *
The orc wizard hits you but does no damage.
The orc hits you with an enchanted whip.
* * * LOW HITPOINT WARNING * * *
You scratch the orc wizard but do no damage.
The orc wizard hits you with a dagger.
* * * LOW HITPOINT WARNING * * *
The orc hits you with an enchanted whip.
* * * LOW HITPOINT WARNING * * *
You closely miss the orc wizard. The orc wizard barely misses you.
The orc hits you with an enchanted whip.
You die...

#(o. #.......# #.##.#.... #..o
#.##.#... ..##...... #...
#.##.#########.).... #..§ ###
#.##.# ######......
###.§.##.#####.##># #......#.r.)
.............#.##o####...........
.........§......)..........##....
.............#.##.#.##.....##.g##
#.#...#..#####.#@o#.##.....##..##
# #...#.## #.#o##.#########....
#...#.# #.#.##.# #.##r #...#.#
#......###### #.##g ......#
###.#.......####.... ##...###
#.#.#........####.
#..<...##.#...###.
###.#####.#.......
#.#####.#...####


You could see 2 orc wizards and an orc.

Vanquished Creatures
  2 gnolls (D:2)
  4 adders
  A dart slug (D:1)
  A leopard gecko (D:2)
  An orc (D:3)
  A giant cockroach (D:2)
  3 goblins
  7 hobgoblins
  3 jackals (D:1)
  2 quokkas (D:2)
  5 bats
  3 frilled lizards
  6 kobolds
  4 rats
43 creatures vanquished.

Notes
Turn   | Place    | Note
-------+----------+-------------------------------------------
     0 | D:1      | neds the Troll Hunter began the quest for the Orb.
     0 | D:1      | Reached XP level 1. HP: 19/19 MP: 0/0
    93 | D:1      | Reached skill level 4 in Throwing
   134 | D:1      | Reached XP level 2. HP: 23/27 MP: 1/1
   865 | D:2      | Reached XP level 3. HP: 27/33 MP: 2/2
  1128 | D:2      | Reached skill level 5 in Throwing
  1594 | D:3      | Reached XP level 4. HP: 37/41 MP: 3/3
  1794 | D:3      | HP: 1/41 [orc/enchanted whip (3)]
  1795 | D:3      | Slain by an orc

Vault maps used:
D:1:      zelgadis_glass_arrival_small, minmay_hedge_maze, roderic_lattice_a
D:3:      lemuel_crystal_altar, kennysheep_generic_room_2, uniq_robin,
          uniq_sigmund, uniq_crazy_yiuf_cottage

Skill      XL: |  1  2  3 |
---------------+----------+-----
Throwing       | 4 5 |  5.4
Fighting       | |  1.5
Dodging        | |  1.5
Stealth        | |  0.3

Action                   |  1- 3 |  4- 6 || total
-------------------------+-------+-------++-------
Melee: Unarmed           |   129 |    37 ||   166
 Stab: Sleeping          |     1 |       ||     1
  Eat: Chunk             |    20 |     2 ||    22
Armor: Robe              |    47 |    17 ||    64
Dodge: Dodged            |    55 |    15 ||    70

Table legend:
 A = Spawn XP
 B = Non-spawn XP
 C = Spawn XP percentage of total XP
 D = Spawn monster count
 E = Non-spawn monster count
 F = Spawn count percentage of total count
 G = Total turns spent on level
                    A         B        C        D         E        F      G
               +---------+---------+-------+---------+---------+-------+---------
         Total |       0 |     142 |   0.0 |       0 |      43 |   0.0 |  1795
               +---------+---------+-------+---------+---------+-------+---------
           D:1 |       0 |      33 |   0.0 |       0 |      21 |   0.0 |   842
           D:2 |       0 |      87 |   0.0 |       0 |      16 |   0.0 |   776
           D:3 |       0 |      22 |   0.0 |       0 |       6 |   0.0 |   177
               +---------+---------+-------+---------+---------+-------+---------
